AoeStats
← Sex Machine 24cm

Arabia

510361414Analyzed
2v2 RM · 23h ago on Sep 30, 2026· 48m 58s· 4 players
Game mode
Random Map
Map size
Medium (4 player)
Population
200
Speed
Normal
Resources
Standard
Victory
Conquest
Starting age
Dark Age
Ending age
Imperial Age
RankedLock teamsTeams togetherTeam positionsShared explorationLock speedFull tech treeHidden civsTurbo modeCheats
Victory
Defeat
🇦🇷 Lithuanians · Argentina
1254
+14
🇹🇷 Huns · Türkiye
1215
+15
🇿🇦 Vietnamese · South Africa
1215
-15
🇿🇦 Wei · South Africa
1190
-14
Selat09
7:14 Loom
9:43 Feudal Age
10:30 Double-Bit Axe
14:55 Fletching
17:16 Padded Archer Armor
21:33 Castle Age
22:34 Bodkin Arrow
23:11 Bow Saw
24:13 Leather Archer Armor
32:57 Gold Mining
37:00 Imperial Age
36:38 Ballistics
37:52 Bracer
39:39 Bloodlines
40:09 Thumb Ring
43:16 Chemistry
44:38 Parthian Tactics
47:58 Gold Shaft Mining
47:57 Heavy Cavalry Archer
Sex Machine 24cm
5:50 Loom
8:55 Feudal Age
9:55 Man-at-Arms
12:39 Double-Bit Axe
14:32 Horse Collar
18:53 Scale Barding Armor
19:45 Bloodlines
19:53 Forging
24:35 Castle Age
24:45 Light Cavalry
25:50 Chain Barding Armor
27:30 Wheelbarrow
27:46 Husbandry
29:03 Bow Saw
29:24 Heavy Plow
31:37 Hand Cart
31:41 Town Watch
33:56 Gold Mining
35:28 Sanctity
35:19 Fervor
37:50 Iron Casting
38:06 Fletching
38:39 Stone Mining
41:27 Imperial Age
41:31 Cavalier
43:09 Plate Barding Armor
43:42 Conscription
45:04 Redemption
48:11 Block Printing
Attila
8:33 Loom
10:20 Feudal Age
11:41 Double-Bit Axe
11:44 Town Watch
13:16 Fletching
17:30 Wheelbarrow
22:17 Castle Age
21:19 Horse Collar
21:29 Gold Mining
22:31 Padded Archer Armor
23:25 Bow Saw
23:11 Bodkin Arrow
23:10 Crossbowman
28:20 Ballistics
28:56 Hand Cart
29:12 Leather Archer Armor
31:33 Thumb Ring
32:34 Heavy Plow
36:06 Imperial Age
36:49 Bracer
37:20 Ring Archer Armor
37:52 Chemistry
37:05 Arbalester
40:31 Paper Money
44:48 Forging
44:38 Scale Mail Armor
45:43 Siege Engineers
45:51 Fortified Wall
45:52 Masonry
45:35 Pikeman
Koekie
8:21 Loom
10:53 Feudal Age
9:12 Loom
13:40 Forging
13:38 Scale Barding Armor
24:22 Castle Age
22:35 Double-Bit Axe
25:00 Bloodlines
25:27 Chain Barding Armor
25:48 Husbandry
27:37 Gold Mining
36:31 Horse Collar
38:21 Bow Saw
38:51 Iron Casting
45:28 Fletching
45:38 Padded Archer Armor
46:08 Bodkin Arrow
46:05 Elite Skirmisher
46:52 Thumb Ring
Connection lost

Rejoining the realm…

Still unreachable

The connection could not be restored.

Session expired

The server has moved on; the page needs a fresh start.